 Dungeon Crawl Stone Soup version 0.29-a0-575-g0dc89cf053 (webtiles) character file.

Game seed: 17328143962285500406

5772 avis the Archer (level 10, -9/80 HPs)
             Began as a Demigod Hunter on June 12, 2022.
             Mangled by a two-headed ogre
             ... wielding a +0 giant club
              (20 damage)
             ... on level 9 of the Dungeon on June 13, 2022.
             The game lasted 00:59:09 (9307 turns).

avis the Archer (Demigod Hunter)                    Turns: 9307, Time: 00:59:10

Health: -9/80      AC: 10    Str: 12    XL:     10   Next: 25%
Magic:  14/14      EV: 13    Int: 11    God:
Gold:   400        SH:  0    Dex: 35    Spells: 8/11 levels left

rFire   + . .      SeeInvis .   a - +8 longbow (freeze)
rCold   . . .      Faith    .   (shield currently unavailable)
rNeg    . . .      Spirit   .   p - +3 leather armour {Will+}
rPois   .          Reflect  .   t - +1 helmet
rElec   .          Harm     .   (no cloak)
rCorr   .          Rampage  .   (no gloves)
Will    ++...                   x - +1 pair of boots
Stlth   +++.......              (no amulet)
HPRegen 0.23/turn               k - +6 ring of dexterity
MPRegen 0.14/turn               A - ring of protection from fire

@: no status effects
A: high MP 1, forlorn, divine attributes
a: no special abilities


You were on level 9 of the Dungeon.
You visited 2 branches of the dungeon, and saw 10 of its levels.
You also visited: Ossuary.

You collected 590 gold pieces.
You spent 190 gold pieces at shops.

Inventory:

Hand Weapons
 a - a +8 longbow of freezing (weapon)
 b - a +0 flail of holy wrath
 c - a +2 short sword of draining
 w - a +3 scimitar of flaming
Missiles
 f - a curare-tipped dart
Armour
 p - a +3 leather armour of willpower (worn)
 t - a +1 helmet (worn)
 x - a +1 pair of boots (worn)
Jewellery
 k - a +6 ring of dexterity (left hand)
 z - a ring of positive energy
 A - a ring of protection from fire (right hand)
Wands
 e - a wand of acid (6)
 s - a wand of flame (39)
 D - a wand of polymorph (22)
 Q - a wand of iceblast (7)
Scrolls
 h - 9 scrolls of teleportation
 q - 2 scrolls of magic mapping
 u - a scroll of poison
 y - a scroll of fear {unknown}
 E - a scroll of enchant armour {unknown}
 G - a scroll of summoning {unknown}
 J - a scroll of torment {unknown}
 R - a scroll of amnesia {unknown}
 S - 3 scrolls of identify
 T - a scroll of fog
Potions
 d - a potion of ambrosia
 i - a potion of flight
 j - 4 potions of curing
 m - 4 potions of haste
 n - a potion of lignification
 o - a potion of magic
 v - 2 potions of brilliance
 B - 3 potions of heal wounds
 C - 2 potions of might


   Skills:
 + Level 4.6 Fighting
 * Level 13.5 Bows
 - Level 2.0 Dodging
 - Level 2.0 Stealth
 - Level 1.0 Spellcasting
 - Level 1.0 Hexes
 - Level 2.0 Transmutations
 - Level 2.0 Earth Magic


You had 8 spell levels left.
You knew the following spells:

 Your Spells              Type           Power      Damage    Failure   Level
a - Slow                  Hex            8%         N/A       26%         1
c - Passwall              Tmut/Erth      3%         N/A       26%         2

Your spell library contained the following spells:

 Spells                   Type           Power      Damage    Failure   Level
 Freeze                   Ice            0%         1d3       38%         1
 Ensorcelled Hibernation  Hex/Ice        2%         N/A       45%         2
 Confusing Touch          Hex            2%         N/A       63%         3
 Frozen Ramparts          Ice            0%         1d2       77%         3
 Swiftness                Air            0%         N/A       77%         3
 Vampiric Draining        Necr           0%         2d6       77%         3
 Hailstorm                Conj/Ice       0%         3d3       99%         4
 Blade Hands              Tmut           2%         N/A       99%         5
 Irradiate                Conj/Tmut      1%         3d13      100%        5
 Dragon Form              Tmut           2%         N/A       100%        7


Dungeon Overview and Level Annotations

Branches:
Dungeon (9/15)             Temple (1/1) D:5         Ossuary (visited)
   Lair: D:8-11         Orc: D:9-12

Shops:
D:1 *   D:2 ?   D:5 *


Innate Abilities, Weirdness & Mutations

You have an increased reservoir of magic. (+10% MP)
You shall have no god before yourself.
Your divine heritage dramatically boosts your attributes as you level up.


Message History

You kill the yak!
The yak misses you.
A two-headed ogre comes into view. It is wielding two +0 giant clubs.
The yak gores you but does no damage.
Shoot: a) +8 longbow (freeze)
Press: ? - help, Q - select action, (/) - cycle Shift-Dir - straight line, f - yak, p - orc
Aim: a yak (83% to hit)
You shoot an arrow. The arrow hits the yak!!
The arrow freezes the yak!
The yak is almost dead.
The orc barely misses you. The yak closely misses you.
Shoot: a) +8 longbow (freeze)
Press: ? - help, Q - select action, (/) - cycle Shift-Dir - straight line, f/p - yak
Aim: a yak (almost dead, 83% to hit)
You shoot an arrow. The arrow hits the yak!!
The arrow freezes the yak.
You kill the yak!
The orc hits you but does no damage.
Shoot: a) +8 longbow (freeze)
Press: ? - help, Q - select action, (/) - cycle Shift-Dir - straight line, f - two-headed ogre
Aim: a two-headed ogre, wielding two +0 giant clubs (85% to hit)
You shoot an arrow. The arrow hits the two-headed ogre!!
The arrow freezes the two-headed ogre!
The two-headed ogre is heavily wounded.
Shoot: a) +8 longbow (freeze)
Press: ? - help, Q - select action, (/) - cycle Shift-Dir - straight line, f/p - two-headed ogre
Aim: a two-headed ogre, wielding two +0 giant clubs (heavily wounded, 85% to hit)
You shoot an arrow.
The arrow completely misses the two-headed ogre.
The two-headed ogre hits you with a +0 giant club!
The two-headed ogre closely misses you. The orc hits you but does no damage.
Shoot: a) +8 longbow (freeze)
Press: ? - help, Q - select action, (/) - cycle Shift-Dir - straight line, f/p - two-headed ogre
Aim: a two-headed ogre, wielding two +0 giant clubs (heavily wounded, 85% to hit)
You shoot an arrow. The arrow hits the two-headed ogre!
The arrow freezes the two-headed ogre.
The two-headed ogre is severely wounded.
The orc hits you but does no damage.
The two-headed ogre hits you with a +0 giant club!!
* * * LOW HITPOINT WARNING * * *
The two-headed ogre hits you with a +0 giant club!!
You die...

#......# ######......#
.)..........#
............#
............# .
.................# ..
......######'#...# .≈
......#......#...# ). ≈
......#......#..@# Y♣.≈.
......#......#.oO#)..≈.≈
.........#####...†......
###..............)...♣≈≈
..#.....................
..#....≈≈P.P..P≈.P......
..#####≈P≈≈P.P≈≈≈≈......
.......≈P≈P≈≈≈≈≈≈P......
.......≈≈≈≈P≈≈P≈≈≈......


You could see a two-headed ogre and an orc.

Vanquished Creatures
  Erica (D:8)
  Psyche (D:8)
  A kobold demonologist (D:8)
  Grinder (D:5)
  A hornet (D:9)
  Prince Ribbit (D:8)
  Sigmund (D:2)
  4 yaks (D:9)
  A water moccasin (D:8)
  An orc warrior (D:6)
  2 ice beasts
  An ogre (D:6)
  3 centaurs
  A phantom (D:5)
  2 kobold brigands
  3 bullfrogs
  3 necrophages
  5 scorpions
  11 wights (D:8)
  5 killer bees
  An electric eel (D:9)
  2 hounds
  An orc priest (D:9)
  A jelly (D:6)
  3 gnoll shamans
  Natasha (thrice) (D:2)
  2 iguanas
  6 orc wizards
  13 mummies (Ossuary)
  10 gnolls
  8 adders
  A shadow imp (D:5)
  A white imp (D:7)
  2 ufetubi
  A worm (D:2)
  2 dart slugs (D:1)
  19 orcs
  7 bats
  9 endoplasms
  2 giant cockroaches
  6 hobgoblins
  7 jackals
  10 kobolds
  3 quokkas
  8 ball pythons
  5 frilled lizards
  3 gnoll skeletons (Ossuary)
  10 goblins
  3 goblin skeletons (Ossuary)
  A goblin zombie (D:7)
  2 kobold skeletons (Ossuary)
  A quokka zombie (D:7)
  5 rats
  11 rat skeletons (Ossuary)
218 creatures vanquished.

Vanquished Creatures (others)
  17 plants (D:9)
17 creatures vanquished.

Grand Total: 235 creatures vanquished

Notes
Turn   | Place    | Note
-------+----------+-------------------------------------------
     0 | D:1      | avis the Demigod Hunter began the quest for the Orb.
     0 | D:1      | Reached XP level 1. HP: 17/17 MP: 3/3
   135 | D:1      | Reached skill level 4 in Bows
   165 | D:1      | Reached XP level 2. HP: 24/24 MP: 4/4
   390 | D:1      | Found Mimitoe's Assorted Antiques.
   452 | D:1      | Reached XP level 3. HP: 29/29 MP: 5/5
   847 | D:1      | You fall into a shaft and drop 1 floor!
   892 | D:2      | Noticed Natasha
   896 | D:2      | Killed Natasha
   897 | D:2      | Reached skill level 5 in Bows
  1363 | D:1      | Reached XP level 4. HP: 23/36 MP: 6/6
  1554 | D:1      | Bought a dyed leather armour for 135 gold pieces
  1580 | D:2      | Reached XP level 5. HP: 37/41 MP: 7/7
  1869 | D:2      | Reached skill level 6 in Bows
  1894 | D:2      | Noticed Natasha
  1904 | D:2      | Killed Natasha
  1926 | D:2      | Noticed Natasha
  1932 | D:2      | Killed Natasha
  2236 | D:2      | Reached skill level 1 in Stealth
  2454 | D:2      | Noticed Sigmund
  2462 | D:2      | Killed Sigmund
  2463 | D:2      | Reached skill level 7 in Bows
  2463 | D:2      | Reached XP level 6. HP: 48/48 MP: 8/8
  2487 | D:2      | Found Haoluo's Magic Scroll Shoppe.
  2635 | D:2      | Bought a scroll of identify for 20 gold pieces
  2635 | D:2      | Bought a scroll of magic mapping for 35 gold pieces
  2655 | D:2      | Learned a level 2 spell: Passwall
  3076 | D:3      | Noticed an angel
  3744 | D:4      | Learned a level 1 spell: Slow
  3964 | D:4      | Reached XP level 7. HP: 56/56 MP: 9/9
  4598 | D:5      | Entered Level 5 of the Dungeon
  4609 | D:5      | Reached skill level 8 in Bows
  4733 | D:5      | Reached skill level 1 in Hexes
  4740 | D:5      | Noticed Grinder
  4747 | D:5      | Killed Grinder
  4885 | D:5      | Found Rubbi's Assorted Antiques.
  4950 | D:5      | Reached skill level 9 in Bows
  4950 | D:5      | Reached XP level 8. HP: 48/63 MP: 10/10
  5084 | D:5      | Found a staircase to the Ecumenical Temple.
  5093 | Temple   | Entered the Ecumenical Temple
  5213 | Temple   | Identified a scroll of acquirement
  5213 | Temple   | Acquired a +3 longbow of freezing
  5457 | D:6      | Reached skill level 1 in Spellcasting
  5687 | D:6      | Reached skill level 10 in Bows
  5847 | D:6      | Reached skill level 1 in Transmutations
  6418 | D:7      | Found a sand-covered staircase.
  6431 | Ossuary  | Entered an ossuary
  6652 | Ossuary  | Reached skill level 1 in Earth Magic
  7216 | D:7      | Reached skill level 11 in Bows
  7216 | D:7      | Reached XP level 9. HP: 69/69 MP: 13/13
  7853 | D:8      | Noticed Psyche
  7857 | D:8      | Killed Psyche
  7858 | D:8      | Reached skill level 12 in Bows
  7871 | D:8      | Noticed Prince Ribbit
  7879 | D:8      | Killed Prince Ribbit
  8578 | D:8      | Noticed Erica
  8622 | D:8      | Killed Erica
  9037 | D:9      | Noticed a kobold demonologist
  9043 | D:8      | Killed a kobold demonologist
  9044 | D:8      | Reached skill level 13 in Bows
  9044 | D:8      | Reached XP level 10. HP: 77/78 MP: 14/14
  9302 | D:9      | Noticed a two-headed ogre
  9307 | D:9      | Mangled by a two-headed ogre

Illustrated notes

Levels and vault maps discovered:
D:1:      wander_arrival_peaceful_grave, layout_basic,
          chequers_ecumenical_altar_simple, serial_shops, shop_coins,
          minmay_tromino_v4_a
D:2:      layout_loops_ring, serial_shops, shop, minmay_misc_feat_more_columns,
          chequers_avenue, uniq_natasha, uniq_sigmund
D:3:      minmay_angry_zag, layout_loops_ring, zin_angel,
          minmay_misc_feat_plants, chequers_arboretum
D:4:      layout_layer_cave, serial_rivers, chequers_serial_rivers_micro_e,
          chequers_serial_rivers_small_3, chequers_serial_rivers_room_a,
          chequers_serial_rivers_micro_a, chequers_serial_rivers_small_3,
          chequers_serial_rivers_small_3
D:5:      layout_cave_pools, lemuel_temple_firewalk_a, serial_shops,
          nicolae_lakefront_shop, uniq_grinder
D:6:      layout_basic, kennysheep_mini_moat, nicolae_ru_the_path_less_chosen,
          minmay_misc_feat_diagonals, hangedman_abyss_or_decor_stabs,
          item_on_display_a
D:7:      layout_basic, old_standard_altar, mainiacjoe_overflow_chevrons,
          enter_ossuary_4, roderic_lattice_a
D:8:      layout_basic, hangedman_decor_riveting, uniq_psyche, uniq_erica,
          uniq_prince_ribbit1
D:9:      layout_irregular_city, nicolae_gozag_seed_capital, tso_oasis_becter,
          serial_bayou, serial_bayou_shore_a, serial_bayou_lagoon_a,
          serial_bayou_pond_b, serial_bayou_lagoon_b
Temple:   nicolae_temple_no_exploring_needed

Skill      XL: |  1  2  3  4  5  6  7  8  9 10 |
---------------+-------------------------------+-----
Bows           | 4 5 7 9 11 13 | 13.5
Fighting       | 2 3 4 |  4.6
Dodging        | 2 |  2.0
Stealth        | 2 |  2.0
Hexes          | 1 |  1.0
Spellcasting   | 1 |  1.0
Transmutations | 2 |  2.0
Earth Magic    | 1 2 |  2.0

Action                   |  1- 3 |  4- 6 |  7- 9 | 10-12 || total
-------------------------+-------+-------+-------+-------++-------
 Fire: Shortbow          |    93 |   136 |    59 |       ||   288
       Longbow           |       |       |   205 |    35 ||   240
Throw: Dart              |       |     2 |       |       ||     2
  Use: Scroll            |       |     3 |    20 |       ||    23
       Potion            |       |       |       |     1 ||     1
Armor: Leather armour    |     8 |    12 |    30 |    18 ||    68
Dodge: Dodged            |    16 |    26 |    82 |    17 ||   141

Table legend: (Time is in decaauts)
 A = Elapsed time spent in this place.
 B = Non-inter-level travel time spent in this place.
 C = Inter-level travel time spent in this place.
 D = Time resting spent in this place.
 E = Time spent auto-exploring this place.
 F = Levels seen in this place.
 G = Mean time per level.
                   A        B        C        D        E       F      G
               +--------+--------+--------+--------+--------+-----+--------+
         Total |   9459 |   8101 |   1358 |   1493 |   4498 |  11 |  859.9 |
       Dungeon |   9001 |   7643 |   1358 |   1393 |   4498 |   9 | 1000.1 |
        Temple |    162 |    162 |      0 |    100 |      0 |   1 |  162.0 |
       Ossuary |    295 |    295 |      0 |      0 |      0 |   1 |  295.0 |
               +--------+--------+--------+--------+--------+-----+--------+

Top non-repeatable levels by time:
     D:1: 1472 daAuts
     D:7: 1351 daAuts
     D:2: 1336 daAuts
     D:4: 1107 daAuts
     D:8: 981 daAuts
     D:6: 897 daAuts
     D:5: 896 daAuts
     D:3: 821 daAuts
 Ossuary: 295 daAuts
  Temple: 162 daAuts
     D:9: 137 daAuts
